Map: New Gettysburg LE

Players

Tenonee

  • Race: Terran Terran

Xelloss - Winner!

  • Race: Terran Terran
  • League: Platinum

VOD

Have the link to the VOD?

Description

Time

  • Played on: July 18, 2016, 5:27 a.m.
  • Length: 10:43
Show
View Real Time Build Order
Export as new Build Order

Tenonee Terran 

Build Orders: MMM Bio 

Get SALT Encoding   

  12  0:01  SCV  
  13  0:13  SCV  
  14  0:20  Supply Depot  
  14  0:25  SCV  
  15  0:41  SCV  
  16  0:43  Barracks  
  16  0:53  SCV  
  17  1:05  SCV  
  18  1:16  Command Center  
  18  1:19  SCV  
  19  1:30  Refinery  
  20  1:34  Orbital Command  
  20  1:35  Marine  
  20  1:40  Refinery  
  20  1:50  Supply Depot  
  20  1:53  Marine  
  21  2:00  SCV  
  22  2:11  Marine  
  22  2:12  SCV  
  24  2:17  Barracks  
  23  2:27  SCV  
  23  2:29  Marine, Orbital Command  
  25  2:44  SCV  
  25  2:47  Barracks Tech Lab  
  26  2:54  SCV  
  26  2:56  SCV  
  28  3:01  Factory  
  28  3:06  SCV  
  28  3:08  SCV  
  28  3:09  Marine x2  
  32  3:19  SCV  
  33  3:20  SCV  
  33  3:29  Stimpack  
  33  3:31  Marine, SCV  
  33  3:32  Marine  
  36  3:46  SCV  
  37  3:50  Barracks, Refinery  
  37  3:53  Refinery  
  37  3:54  Engineering Bay  
  37  3:55  Engineering Bay, SCV  
  39  3:58  SCV  
  39  4:01  Marine  
  41  4:03  Barracks Reactor  
  40  4:14  SCV x2  
  42  4:18  Supply Depot  
  42  4:20  Factory Tech Lab  
  42  4:26  Command Center, SCV x2  
  42  4:29  Supply Depot  
  44  4:35  Marine  
  44  4:38  Starport  
  45  4:39  Barracks Reactor  
  45  4:43  SCV x2  
  45  4:45  Supply Depot  
  47  4:46  Marine x2  
  49  4:53  Marine  
  49  4:55  SCV  
  53  5:08  Siege Tank  
  53  5:11  Marine  
  53  5:12  SCV x2  
  59  5:20  Refinery  
  57  5:24  SCV x2  
  57  5:25  Marine x2  
  57  5:27  Terran Infantry Armor Level 1, Terran Infantry Weapons Level 1, Barracks  
  61  5:29  Barracks Reactor, Marine  
  61  5:33  Barracks  
  62  5:36  Supply Depot, SCV  
  62  5:41  Medivac  
  65  5:43  Marine  
  65  5:44  Marine  
  65  5:47  Marine  
  68  5:52  SCV  
  68  5:54  Siege Tank  
  72  5:57  SCV  
  72  6:01  Marine  
  52  6:04  Orbital Command  
  74  6:06  SCV  
  74  6:09  SCV  
  74  6:11  Supply Depot  
  76  6:12  Marine x2  
  78  6:20  Marine x2  
  78  6:24  Medivac  
  78  6:25  Barracks Reactor  
  82  6:26  Barracks Tech Lab  
  82  6:27  SCV x2  
  82  6:31  Combat Shields  
  84  6:35  Supply Depot  
  84  6:38  Supply Depot  
  84  6:39  SCV  
  85  6:45  Marine x4  
  89  6:48  SCV  
  90  6:54  SCV  
  90  6:55  SCV  
  90  6:56  Marine  
  90  7:00  SCV  
  94  7:03  Marine  
  94  7:04  Marine  
  94  7:06  Marine x3, SCV  
  94  7:07  Marine x2  
  102  7:08  Siege Tank  
  103  7:30  Marine  
  103  7:31  Marine x7  
  103  7:35  Supply Depot  
  103  7:36  Supply Depot  
  111  7:38  Supply Depot  
  111  7:42  Command Center, SCV x3  
  114  7:48  Marine  
  114  7:49  Marine x5  
  114  7:53  Reaper  
  114  7:56  Marine  
  105  8:05  Liberator  
  105  8:06  Liberator, Marine  
  105  8:07  Marine x3  
  109  8:13  Armory  
  109  8:16  Refinery  
  109  8:18  Missile Turret  
  109  8:19  Refinery  
  110  8:20  Missile Turret x2, SCV x3  
  110  8:22  Siege Tank  
  121  8:32  SCV x2  
  123  8:43  Starport  
  123  8:49  Missile Turret  
  123  8:51  Marine  
  123  8:52  Marine x2  
  123  8:53  Missile Turret  
  126  8:56  Liberator x2  
  126  8:57  Marine x2  
  126  8:58  Marine x3  
  126  8:59  Siege Tank  
  134  9:09  Marine x2  
  135  9:12  Marine  
  135  9:15  Marine x2  
  145  9:21  Starport  
  145  9:22  Starport Tech Lab  
  145  9:32  Marine x4  
  148  9:46  Marine x2  
  148  9:47  Marine x2  
  148  9:51  Marine  
  148  9:52  Marine x3  
  156  9:55  Supply Depot  
  156  9:57  Supply Depot  
  156  9:59  Supply Depot  
  118  10:13  Marine x5  
  89  10:22  Marine  
  89  10:23  Marine x2  
Show
View Real Time Build Order
Export as new Build Order

Xelloss Terran - Winner!

Build Orders: Mech 

Get SALT Encoding   

  12  0:01  SCV  
  13  0:13  SCV  
  14  0:18  Supply Depot  
  14  0:25  SCV  
  15  0:39  SCV  
  15  0:40  Barracks  
  16  0:46  Refinery  
  16  0:51  SCV  
  17  1:04  SCV  
  18  1:16  SCV  
  19  1:28  SCV  
  19  1:30  Reaper  
  21  1:42  Command Center  
  21  1:44  Supply Depot  
  21  1:53  Orbital Command  
  21  2:00  Refinery  
  21  2:03  Marine  
  22  2:17  Factory  
  22  2:19  SCV  
  22  2:22  Marine  
  24  2:31  SCV  
  25  2:40  Marine  
  26  2:44  Supply Depot  
  26  2:46  SCV  
  27  2:53  Orbital Command  
  27  3:01  SCV  
  27  3:02  Factory Tech Lab  
  28  3:10  Starport  
  28  3:14  SCV  
  29  3:22  SCV  
  30  3:32  SCV  
  31  3:38  Siege Tank  
  34  3:47  Starport Reactor, SCV  
  34  3:50  SCV  
  34  3:54  Refinery  
  35  3:59  SCV  
  36  4:03  SCV  
  36  4:07  Factory  
  37  4:10  Factory  
  37  4:11  SCV  
  37  4:15  SCV  
  37  4:16  Siege Tank  
  42  4:23  SCV  
  43  4:25  Refinery  
  43  4:27  SCV  
  44  4:34  Viking x2  
  44  4:35  SCV  
  49  4:39  SCV  
  49  4:41  Supply Depot  
  49  4:43  Supply Depot  
  50  4:48  Armory, SCV  
  51  4:58  Factory Reactor, Factory Tech Lab  
  52  5:07  SCV x2  
  53  5:19  SCV x2  
  55  5:23  Siege Tank  
  55  5:27  Command Center  
  58  5:28  Engineering Bay  
  58  5:32  SCV x2  
  60  5:45  SCV x2  
  60  5:49  Hellbat x2  
  66  5:51  Siege Tank  
  66  5:53  Liberator x2  
  66  5:55  Supply Depot  
  69  6:02  SCV x2  
  77  6:18  Terran Vehicle And Ship Armor Level 1  
  77  6:19  Starport  
  77  6:32  Refinery  
  81  6:33  Hellbat x2  
  81  6:37  Refinery  
  81  6:40  Siege Tank x2  
  81  6:45  Planetary Fortress  
  87  6:52  SCV  
  87  6:53  SCV  
  89  6:59  Starport Reactor  
  89  7:01  Viking x2  
  93  7:30  Missile Turret  
  93  7:31  Missile Turret  
  93  7:34  Missile Turret, Siege Tank x2  
  93  7:35  Missile Turret, Hellbat x2  
  103  7:40  SCV x2  
  105  7:45  Liberator x2  
  105  7:48  Liberator x2  
  112  8:11  SCV x2  
  114  8:21  SCV  
  114  8:23  SCV x2  
  117  8:27  Terran Vehicle And Ship Armor Level 2  
  117  8:29  Siege Tank  
  117  8:31  Hellbat x2  
  124  8:40  SCV  
  125  8:43  Supply Depot  
  125  8:47  SCV x2  
  127  8:52  Viking x2  
  131  8:56  Command Center  
  131  9:17  Siege Tank x2, Hellbat x2  
  141  9:26  Supply Depot  
  141  9:29  Viking x4  
  141  9:30  Supply Depot  
  149  9:48  Hellbat x2, SCV x2  
  149  9:51  Siege Tank x2  
Tags
 
Composition
MMM BioMech
League
Platinum
Matchup
TvT
Race
Terran
Add a new tag
Caveats
  • Supply blocks, unpowered buildings, or Contaminate may cause inaccurate times.
  • Supply counts are checked every 10 seconds.